 Dungeon Crawl Stone Soup version 0.31-a0-237-g2d982f9f85 (webtiles) character file.

Game seed: 6138549893550733836

1772501 jt the Pyromancer (level 27, 205/205 HPs)
             Began as a Djinni Conjurer on July 11, 2023.
             Was a Follower of Uskayaw.
             Escaped with the Orb
             ... and 3 runes on July 13, 2023!
             The game lasted 06:20:04 (63549 turns).

jt the Pyromancer (Djinni Conjurer)                Turns: 63549, Time: 06:20:05

Health: 205/205    AC: 21    Str: 10    XL:     27
Gold:   6994       EV: 14    Int: 38    God:    Uskayaw [*.....] SH: 20 Dex: 11

rFire   + + +        u - staff of Vehumet's Outrage {Will++ Dex-3 Conj Earth}
rCold   + . .        M - +5 kite shield {rC+ rF+}
rNeg    + + .        i - +1 ring mail of Muttered Phrases {rN++ Str+4}
rPois   ∞            Y - +0 mask of the Dragon {Will+ Slay+3 SInv}
rElec   +            H - scarf {rC+ rF+}
rCorr   .            R - +2 pair of gloves {Stlth+}
SInv    +            (boots unavailable)
Will    +++++        W - amulet of regeneration
Stlth   ++           L - ring of the Tortoise {AC+8}
HPRegen 1.34/turn    V - ring "Dubbid" {Contam rElec Int+6 Stlth+}
MPRegen 0.00/turn

%: no passive effects
@: flying, studying 2 skills
A: sickness immunity, fire resistance 2, cold vulnerability 1, float, innate
caster, HP casting, extra vitality 1, subdued magic 1
0: Orb of Zot
}: 3/15 runes: barnacled, silver, gossamer
a: Renounce Religion, Stomp


You escaped.
You worshipped Uskayaw.
Uskayaw was greatly pleased with you.
You visited 11 branches of the dungeon, and saw 49 of its levels.
You visited the Abyss 1 time.
You visited 1 ziggurat, and saw 13 of its levels.
You also visited: Gauntlet and Ice Cave.

You collected 8812 gold pieces.
You spent 1818 gold pieces at shops.

Inventory:

Hand Weapons
 a - a +7 demon blade of pain
 l - a +3 eudemon blade of holy wrath
 m - the +11 Singing Sword {sonic wave}
   (You found it on level 11 of a ziggurat)
 t - the +6 trident of Anguish {holy, +Blink Str+3 Int+3}
   (You found it on level 4 of the Shoals)

   Str:       It affects your strength (+3).
   Int:       It affects your intelligence (+3).
   +Blink:    It lets you blink.
Missiles
 C - 6 curare-tipped darts
Armour
 i - the +1 ring mail of Muttered Phrases (worn) {rN++ Str+4}
   (You bought it in a shop on level 2 of the Orcish Mines)

   Str:       It affects your strength (+4).
   rN:        It greatly protects you from negative energy.
 H - a scarf of resistance (worn)
 M - a +5 kite shield of resistance (worn)
 R - a +2 pair of gloves of stealth (worn)
 Y - the +0 mask of the Dragon (worn) {Will+ Slay+3 SInv}
   (You found it on level 5 of the Vaults)

   Slay:      It affects your accuracy & damage with ranged weapons and melee
   (+3).
   SInv:      It lets you see invisible.
   Will:      It increases your willpower.
Magical Staves
 u - the staff of Vehumet's Outrage (weapon) {Will++ Dex-3 Conj Earth}
   (You found it on level 5 of a ziggurat)

   [staff of conjuration]

   Base accuracy: +5 Base damage: 5 Base attack delay: 1.2 This weapon's minimum
   attack delay (0.6) is reached at skill level 12.
   Dex:       It affects your dexterity (-3).
   Conj:      It increases the power of your Conjurations spells.
   Earth:     It increases the power of your Earth spells.
   Will:      It greatly increases your willpower.
   It falls into the 'Staves' category.
   It is a one-handed weapon.
 F - the staff of Blood {+Blink rF+ Conj}
   (You found it on level 6 of a ziggurat)

   [staff of conjuration]

   Base accuracy: +5 Base damage: 5 Base attack delay: 1.2 This weapon's minimum
   attack delay (0.6) is reached at skill level 12.
   rF:        It protects you from fire.
   +Blink:    It lets you blink.
   Conj:      It increases the power of your Conjurations spells.
   It falls into the 'Staves' category.
   It is a one-handed weapon.
Jewellery
 b - the ring of Qoptump {rElec rPois Will+ SInv}
   (You took it off an ogre mage on level 5 of the Vaults)

   [ring of poison resistance]

   rElec:     It insulates you from electricity.
   rPois:     It protects you from poison.
   SInv:      It lets you see invisible.
   Will:      It increases your willpower.
 g - the ring of Recklessness {rCorr Slay+3}
   (You bought it in a shop on level 1 of the Orcish Mines)

   [ring of resist corrosion]

   Slay:      It affects your accuracy & damage with ranged weapons and melee
   (+3).
   rCorr:     It protects you from acid and corrosion.
 n - a ring of wizardry
 r - the ring "Douphych" {rF+++ rC+ rCorr Dex+3 Slay-2}
   (You took it off a frost giant on level 2 of the Depths)

   [ring of protection from cold]

   Dex:       It affects your dexterity (+3).
   Slay:      It affects your accuracy & damage with ranged weapons and melee
   (-2).
   rF:        It renders you almost immune to fire.
   rC:        It protects you from cold.
   rCorr:     It protects you from acid and corrosion.
 G - the ring "Vycet" {*Slow Fly rF+ rN+++ AC+4}
   (You found it on level 11 of a ziggurat)

   [ring of protection]

   AC:        It affects your AC (+4).
   rF:        It protects you from fire.
   rN:        It renders you almost immune to negative energy.
   Fly:       It grants you flight.
   *Slow:     It may slow you when you take damage.
 L - the ring of the Tortoise (left hand) {AC+8}
   (You found it on level 4 of the Shoals)

   [ring of protection]

   AC:        It affects your AC (+8).
 V - the ring "Dubbid" (right hand) {Contam rElec Int+6 Stlth+}
   (You found it on level 2 of the Elven Halls)

   [ring of intelligence]

   Int:       It affects your intelligence (+6).
   rElec:     It insulates you from electricity.
   Contam:    It causes magical contamination when unequipped.
   Stlth:     It makes you more stealthy.
 W - an amulet of regeneration (around neck)
 Z - the ring "Muarimef" {rElec rPois rC+ Str+3 Int+3}
   (You took it off an ironbound convoker on level 5 of the Vaults)

   [ring of protection from cold]

   Str:       It affects your strength (+3).
   Int:       It affects your intelligence (+3).
   rC:        It protects you from cold.
   rElec:     It insulates you from electricity.
   rPois:     It protects you from poison.
Wands
 c - a wand of quicksilver (18)
 B - a wand of iceblast (15)
 D - a wand of digging (11)
 J - a wand of flame (80)
 O - a wand of mindburst (5)
 P - a wand of charming (45)
Scrolls
 e - 13 scrolls of fog
 f - 4 scrolls of silence
 h - 12 scrolls of vulnerability
 k - 2 scrolls of summoning
 o - 7 scrolls of poison
 v - 7 scrolls of immolation
 y - 2 scrolls of fear
 Q - 15 scrolls of revelation
 X - 12 scrolls of teleportation
Potions
 j - 14 potions of curing
 p - 6 potions of ambrosia
 q - a potion of haste
 s - 6 potions of brilliance
 x - 9 potions of enlightenment
 z - 15 potions of mutation
 A - a potion of resistance
 E - 2 potions of heal wounds
 K - 11 potions of lignification
 N - 2 potions of berserk rage
 S - 9 potions of cancellation
 U - 9 potions of might
Miscellaneous
 d - a lightning rod (4/4)
 w - a phantom mirror
 I - a phial of floods
 T - a tin of tremorstones (2/2)


   Skills:
 - Level 20.2 Fighting
 - Level 12.0 Long Blades
 + Level 15.5 Armour
 + Level 12.7 Dodging
 - Level 5.0 Stealth
 + Level 21.5 Shields
 - Level 20.4 Spellcasting
 - Level 19.3 Conjurations
 - Level 19.3 Hexes
 - Level 19.3 Summonings
 - Level 19.3 Necromancy
 - Level 19.3 Translocations
 - Level 19.3 Transmutations
 - Level 23.0 Fire Magic
 - Level 19.3 Ice Magic
 - Level 19.3 Air Magic
 - Level 19.3 Earth Magic
 - Level 19.3 Poison Magic
 + Level 22.1 Invocations
 - Level 10.0 Evocations


You knew the following spells:

 Your Spells              Type           Power      Damage    Failure   Level
a - Magic Dart            Conj           100%       1d8       0%          1
b - Searing Ray           Conj           100%       2d8       0%          2
c - Dazzling Flash        Conj/Hex       100%       N/A       0%          3
d - Fulminant Prism       Conj/Hex       60%        3d26      0%          4
e - Iskenderun's Mystic   Conj/Tloc      100%       2d19      0%          4
f - Kiss of Death         Conj/Necr      100%       2d13      0%          1
g - Lesser Beckoning      Tloc           100%       N/A       0%          2
h - Inner Flame           Hex/Fire       100%       N/A       0%          3
i - Olgreb's Toxic Radia  Pois           97%        N/A       0%          4
j - Summon Forest         Summ/Tloc      48%        N/A       0%          5
k - Lee's Rapid Deconstr  Erth           60%        3d28*     0%          5
l - Conjure Ball Lightni  Conj/Air       60%        3x3d22    1%          6
m - Summon Hydra          Summ           48%        N/A       1%          7
n - Simulacrum            Ice/Necr       48%        N/A       1%          6
o - Enfeeble              Hex            48%        N/A       1%          7
p - Dragon Form           Tmut           48%        N/A       1%          7
q - Lehudib's Crystal Sp  Conj/Erth      72%        10d16     3%          8
r - Dragon's Call         Summ           48%        N/A       50%         9
Your spell library was empty.

Dungeon Overview and Level Annotations

Branches:
Dungeon (15/15)            Temple (1/1) D:4            Lair (5/5) D:9
 Shoals (4/4) Lair:3       Spider (4/4) Lair:3        Slime (0/5) Lair:5
    Orc (2/2) D:10            Elf (3/3) Orc:2        Vaults (5/5) D:13
  Crypt (0/3) Vaults:3     Depths (4/4) D:15           Hell (visited)
    Zot (5/5) Depths:4      IceCv (visited)         Gauntlet (visited)
    Dis: Hell:1         Geh: Hell:1         Coc: Hell:1         Tar: Hell:1

Altars:
Ashenzari
Cheibriados
Dithmenos
Elyvilon
Fedhas
Gozag
Hepliaklqana
Makhleb
Nemelex Xobeh
Okawaru
Qazlal
Ru
Trog
Uskayaw
Wu Jian
Xom
Yredelemnul
Zin
The Shining One
Lugonu

Shops:
Orc:1 *(   Orc:2 ([*=   Shoals:3 [   Vaults:4 (   Depths:2 ?   Depths:4 (

Portals:
Hell: Depths:1 Depths:2 Depths:3 Depths:4
Abyss: Shoals:1 Depths:3 Depths:4
Pandemonium: Depths:1 Depths:2

Annotations:
Elf:2 3 runed translucent doors
Hell Geryon
Zot:2 5 transporters


Innate Abilities, Weirdness & Mutations

You are immune to sickness and miasma.
You are immune to poison.
Your flesh is very heat resistant. (rF++)
You are vulnerable to cold. (rC-)
You float through the air rather than walking.
You learn spells naturally, not from books.
Your magical power is your life essence.
You have superior vitality. (+4 MHP)
Your spells are a little easier to cast, but a little less powerful.


Message History

(D) Dungeon (T) Temple (L) Lair (A) Shoals (N) Spider Nest (M) Slime Pits (O) Orcish Mines (E) Elven Halls (V) Vaults (C) Crypt (U) Depths (H) Hell (Z) Zot
Where to? (Enter - D:1 @ (x,y), ? - help)
An Orb Guardian is nearby!
There is a stone staircase leading up here.
You fly upwards.
There is a stone staircase leading down here.
A rust devil comes into view.
A goblin comes into view. It is wielding a +0 long sword.
There is a stone staircase leading up here.
The goblin shouts!
You fly upwards.
There is a stone staircase leading down, spattered with blood here.
You see here a +0 dagger.
(D) Dungeon (T) Temple (L) Lair (A) Shoals (N) Spider Nest (M) Slime Pits (O) Orcish Mines (E) Elven Halls (V) Vaults (C) Crypt (U) Depths (H) Hell (Z) Zot
Where to? (Enter - D:1 @ (x,y), ? - help)
A glowing orange brain comes into view.
Casting: Lehudib's Crystal Spear (dangerous; 3% risk of failure)
Confirm with . or Enter, or press ? or * to list all spells.
Aiming: Lehudib's Crystal Spear (dangerous; 3% risk of failure)
Press: ? - help, Shift-Dir - straight line, f - glowing orange brain
Aim: a glowing orange brain (96% to hit)
You feel a strong surge of power!
The crystal spear hits the glowing orange brain!!!!
You kill the glowing orange brain!
(D) Dungeon (T) Temple (L) Lair (A) Shoals (N) Spider Nest (M) Slime Pits (O) Orcish Mines (E) Elven Halls (V) Vaults (C) Crypt (U) Depths (H) Hell (Z) Zot
Where to? (Enter - D:1 @ (x,y), ? - help) HP restored.
You see here a +0 scale mail.
You see here a +0 robe.
There is a staircase leading out of the dungeon here.
You have escaped!

.....#.......#.......# ###...###.
.....................######......
..............#####.........#.#.#
.....##......#.###.##########...#
.....##.....###.#.## #######...##
.....##.##.## ##.## ##...##..#.#
.....##.###[###.#.###.##.......#
.....#..# ##.#.#.#.#.##.....####
...###.## ##[#.@.#.####..###
.......# ##.#.#.#.#.###.##
....#### ##.###.#.###.#..#
.......###.## ##.## ##.########
....##......###.#.###.........#
......#..#...#.###.#.########.#
..###.........#####..# #.#
.................##.## ##.#
...........[.....##.# #..#


There were no monsters in sight!

Vanquished Creatures
  2 dread liches
  An ancient lich (Vaults:5)
  3 orbs of fire
  Mennas (Vaults:5)
  Sojobo (Depths:3)
  2 pandemonium lords
  3 Killer Klowns (Zot:5)
  The ghost of Afra the Sorcerer, a veteran FoHs of Okawaru (Depths:4)
  Saint Roka (Orc:2)
  9 golden dragons
  3 electric golems
  16 tentacled monstrosities
  A Brimstone Fiend (D:8)
  Jorgrun (Orc:2)
  A Hell Sentinel (Zig:6)
  2 liches (Vaults:5)
  2 quicksilver dragons (Depths:3)
  4 deep elf blademasters
  6 titans
  20 Orb Guardians (Zot:5)
  2 krakens (Shoals:4)
  2 Executioners
  A sphinx (Vaults:5)
  Polyphemus (Shoals:2)
  4 deep elf master archers
  An acid blob (Zig:4)
  2 death cobs
  5 draconian monks
  3 shadow dragons
  Agnes (Spider:3)
  3 tengu reavers
  13 storm dragons
  A demonspawn warmonger (Depths:4)
  7 draconian knights
  5 fire giants
  14 deep elf sorcerers
  An iron dragon (Depths:3)
  3 orc warlords
  5 draconian shifters
  7 draconian scorchers
  11 frost giants
  14 vault wardens
  3 ghost moths
  A caustic shrike zombie (Hell)
  3 balrugs
  9 deep elf elementalists (Elf:3)
  A cacodemon (Elf:1)
  3 draconian stormcallers
  3 reapers
  11 ironbound preservers
  A demonspawn blood saint (Zot:3)
  A spriggan defender (Depths:4)
  4 draconian annihilators
  3 war gargoyles (Zig:6)
  14 very ugly things
  2 broodmothers
  The ghost of initializr the Fighter, a journeyman DrEE (Elf:1)
  4 ironbound thunderhulks (Vaults:1)
  15 stone giants
  An ophan (Abyss:2)
  5 vampire knights
  7 deep elf demonologists
  7 black draconians
  8 green draconians
  A lorocyproca (D:12)
  A formless jellyfish (Vaults:4)
  13 deep elf annihilators
  12 white draconians
  5 dire elephants (Vaults:1)
  14 spark wasps
  8 purple draconians
  A minotaur (Gauntlet)
  10 red draconians
  3 starcursed masses
  11 yellow draconians
  7 deep elf death magi
  A minotaur (shapeshifter) (Vaults:5)
  6 ettins
  6 merfolk impalers
  3 fire dragons
  3 merfolk javelineers
  9 nameless horrors
  2 entropy weavers
  4 deep elf high priests
  9 yaktaur captains
  A fire dragon (shapeshifter) (Vaults:5)
  2 great orbs of eyes
  3 hell beasts
  3 hydras
  A jiangshi (Depths:1)
  A peacekeeper (Vaults:4)
  5 ice dragons
  3 ogre magi
  2 radroaches
  35 vault guards
  8 ironbound frosthearts
  2 catoblepae
  3 jorogumos
  A merfolk avatar (Shoals:1)
  4 boulder beetles
  3 deep troll shamans
  A radroach (shapeshifter) (Elf:1)
  2 alligator snapping turtles
  17 dancing weapons
  7 merfolk aquamancers
  9 two-headed ogres
  An alligator (Shoals:4)
  2 vampire magi
  8 centaur warriors
  A thrashing horror (Abyss:2)
  17 death yaks
  3 hell hogs
  6 demonic crawlers
  A naga warrior (Zig:11)
  2 spriggan berserkers (Depths:4)
  4 deep troll earth magi
  8 tengu warriors
  9 deep elf knights
  4 orc high priests
  Sonja (Lair:3)
  A skyshark (Lair:4)
  8 sun demons
  3 sun moths (Spider:4)
  2 soul eaters
  2 sixfirhies (Abyss:2)
  2 skeletal warriors (D:15)
  2 wretched stars (Abyss:2)
  A deep troll (shapeshifter) (Elf:1)
  5 glowing orange brains
  3 iron trolls
  2 pharaoh ants
  13 deep trolls
  A death drake (shapeshifter) (Elf:1)
  11 orb spiders
  15 deep elf archers
  9 wizards
  4 sea snakes
  4 steelbarb worms
  4 lindwurms (Vaults:2)
  27 deep elf pyromancers
  22 deep elf zephyrmancers
  3 necromancers
  18 ironbound convokers
  A glowing orange brain (shapeshifter) (Vaults:1)
  15 harpies
  Pikel (D:9)
  7 orc knights
  23 wolf spiders
  47 ugly things
  A salamander (shapeshifter) (D:14)
  7 orc sorcerers
  28 moths of wrath
  16 manticores
  11 fauns
  3 cyclopes
  A faun (shapeshifter) (Elf:1)
  A worldbinder (Shoals:1)
  A black mamba (Lair:3)
  5 water nymphs
  5 merfolk sirens
  2 stone giant zombies (Vaults:5)
  An ice statue (IceCv)
  5 torpor snails
  6 elephants (Lair:5)
  2 fire giant skeletons
  2 rust devils (Depths:1)
  A titan simulacrum (Vaults:5)
  4 apocalypse crabs
  3 smoke demons
  2 centaur zombies (D:12)
  16 vault sentinels
  A dire elephant skeleton (Hell)
  A water nymph (shapeshifter) (Vaults:5)
  A hellion (Abyss:2)
  8 cane toads
  A gargoyle (Zig:6)
  A cane toad (shapeshifter) (Elf:1)
  A rime drake (Lair:5)
  A kobold demonologist (D:13)
  A komodo dragon (shapeshifter) (Elf:1)
  An unseen horror (shapeshifter) (Depths:3)
  3 freezing wraiths
  Maggie (D:9)
  3 tengu conjurers
  A harpy zombie (Hell)
  2 yaktaurs (shapeshifter) (Elf:1)
  2 ancient zymes (Abyss:2)
  26 yaktaurs
  2 anaconda simulacra (IceCv)
  7 komodo dragons
  7 trolls
  A spriggan skeleton (D:15)
  A queen bee (shapeshifter) (Elf:1)
  5 meliai
  7 polar bears
  25 tarantellas
  6 hornets
  16 merfolk
  9 wind drakes
  12 blink frogs
  5 snapping turtles
  A sphinx simulacrum (Vaults:2)
  8 dream sheep
  A large abomination (Gauntlet)
  8 slime creatures
  A flying skull (Zig:9)
  14 spriggans
  20 culicivoras
  18 jumping spiders
  A culicivora (shapeshifter) (D:14)
  5 wyverns
  2 fire bats (Gauntlet)
  4 shadows (D:12)
  4 wraiths
  3 air elementals
  11 water elementals
  41 yaks
  6 fire elementals
  2 dire elephant simulacra (IceCv)
  3 golden eyes
  A neqoxec (Abyss:2)
  A ynoxinul (D:9)
  43 redbacks
  4 basilisks
  5 chaos spawn
  5 wargs
  7 vampire mosquitoes
  A death yak simulacrum (IceCv)
  2 harpy simulacra (IceCv)
  2 acid dragons
  A glowing shapeshifter skeleton (D:15)
  A hell hound (Gauntlet)
  4 small abominations
  17 water moccasins
  A hydra simulacrum (IceCv)
  42 orc warriors
  A meliai simulacrum (D:14)
  3 ice beasts
  A black bear (shapeshifter) (Vaults:5)
  7 ogres
  2 sky beasts (D:6)
  A tengu (shapeshifter) (D:9)
  30 wolves
  A boggart (Lair:5)
  4 centaurs
  A phantom (D:6)
  2 lemures (D:9)
  2 kobold brigands
  An earth elemental (Elf:2)
  12 bullfrogs
  A cane toad simulacrum (Lair:5)
  9 scorpions
  6 two-headed ogre simulacra (IceCv)
  A gnoll sergeant (D:8)
  13 wights
  4 elephant simulacra
  13 killer bees (D:9)
  5 howler monkeys
  An electric eel (Lair:2)
  A gnoll bouda (D:7)
  22 orc priests
  9 jellies
  39 orc wizards
  2 iguanas (D:4)
  8 hell rats
  9 spriggan simulacra
  10 troll simulacra (IceCv)
  A wolf simulacrum (Lair:5)
  2 mummies
  9 gnolls
  7 adders
  9 naga simulacra (IceCv)
  A shadow imp (D:5)
  8 white imps
  5 ufetubi
  135 orcs
  12 ball pythons
  7 endoplasms
  3 giant cockroaches
  7 goblins
  5 hobgoblins
  2 jackals (D:1)
  11 kobolds
  5 quokkas
  3 training dummies (Orc:1)
  6 bats
  A frilled lizard (D:3)
  7 rats
  A butterfly (Lair:4)
  2 tentacles (Shoals:4)
1899 creatures vanquished.

Vanquished Creatures (collateral kills)
  An orb of fire (Zig:10)
  4 juggernauts
  2 royal mummies (Zig:9)
  Bai Suzhen (Spider:3)
  A Tzitzimitl (Zig:13)
  5 tentacled monstrosities
  A lich (D:15)
  A titan (Depths:2)
  A quicksilver dragon (shapeshifter) (Zig:3)
  A walking divine tome (Depths:4)
  The ghost of KimchiStew the Peltast, an adept AtHu of Ashenzari (Spider:2)
  4 sphinxes
  The ghost of t4s4d4r the Geomancer, an adept DsEE of Gozag (Spider:1)
  A kraken (Shoals:1)
  An Executioner (Zig:13)
  A shadow dragon (Depths:2)
  2 tengu reavers
  3 nagarajas (Zig:11)
  An azure jelly (Zig:4)
  A draconian monk (Depths:4)
  A demonspawn warmonger (Zig:7)
  8 fire giants
  3 frost giants
  An emperor scorpion (Spider:4)
  A fenstrider witch (Zig:12)
  An iron dragon (Vaults:5)
  4 vault wardens
  A draconian shifter (Zot:3)
  6 ironbound preservers
  2 demonspawn corrupters (Zig:7)
  A spriggan defender (Depths:4)
  16 very ugly things
  3 orc warlords
  21 stone giants
  4 war gargoyles
  A vampire knight (Depths:1)
  2 eleionomae (Zig:12)
  2 ironbound thunderhulks
  A black draconian (Zot:3)
  4 dire elephants (Vaults:3)
  A yellow draconian (Depths:4)
  A purple draconian (Depths:4)
  2 spark wasps (Depths:2)
  4 blizzard demons
  9 fire dragons
  2 merfolk javelineers
  A deep elf high priest (Vaults:1)
  An entropy weaver (Vaults:1)
  2 mummy priests (Zig:9)
  5 merfolk impalers
  2 green deaths (Zig:13)
  3 jiangshi
  10 ettins
  A yaktaur captain (Vaults:4)
  2 hydras (Zig:12)
  2 rakshasas
  2 ghost crabs (Zig:12)
  A great orb of eyes (Vaults:2)
  2 ice dragons (Depths:4)
  3 salamander tyrants
  4 vault guards
  A centaur warrior (Vaults:1)
  2 spriggan air magi
  2 peacekeepers
  An ironbound frostheart (Vaults:2)
  An anaconda (Zig:11)
  5 alligator snapping turtles
  3 merfolk avatars
  The ghost of Asein the Geomancer, a journeyman DrEE of Vehumet (Lair:1)
  A boulder beetle (Zig:6)
  A catoblepas (D:13)
  3 alligators
  2 hell beasts
  A satyr (Shoals:4)
  14 deep troll shamans
  2 merfolk aquamancers
  A death scarab (Zig:9)
  8 deep troll earth magi
  7 tengu warriors
  A vampire mage (Depths:1)
  2 naga warriors (Zig:11)
  2 naga sharpshooters (Zig:11)
  4 demonic crawlers
  4 spriggan berserkers
  2 thrashing horrors (Shoals:1)
  A sun demon (Depths:1)
  A soul eater (Depths:3)
  2 sixfirhies (Zig:13)
  A spatial maelstrom (Abyss:2)
  10 iron trolls
  A salamander mystic (Depths:2)
  2 wretched stars
  3 pharaoh ants
  A fire crab (Zig:10)
  2 flayed ghosts
  2 glowing orange brains
  11 sea snakes (Shoals:4)
  2 spriggan druids (Zig:12)
  A bog body (Zig:12)
  A sea snake (shapeshifter) (Elf:1)
  2 death drakes
  27 deep trolls
  6 nameless horrors
  A shadow demon (Zig:13)
  2 swamp dragons (Zig:12)
  3 orc knights (Vaults:1)
  A deep elf zephyrmancer (Elf:2)
  20 harpies
  A wizard (Vaults:2)
  2 phantasmal warriors (Depths:1)
  A deep elf pyromancer (Elf:1)
  2 orc sorcerers
  2 lindwurms (Vaults:2)
  A mana viper (Zig:11)
  4 salamanders
  A wolf spider (Spider:4)
  A stone giant zombie (D:15)
  A tengu skeleton (Zig:9)
  4 manticores (Shoals:4)
  12 ugly things
  A cyclops (D:9)
  A will-o-the-wisp (Zig:12)
  A large abomination (Gauntlet)
  A guardian serpent (Zig:11)
  A merfolk siren (Shoals:4)
  An eye of devastation (Zig:4)
  3 black mambas (Zig:11)
  5 vault sentinels
  4 naga magi (Zig:11)
  A torpor snail (Spider:1)
  2 yaktaurs
  A tengu conjurer (Depths:3)
  A freezing wraith (Vaults:3)
  5 guardian mummies (Zig:9)
  An ice devil (Depths:1)
  A red devil (Depths:1)
  2 polar bears
  A wind drake (Shoals:4)
  A bloated husk (Zig:12)
  12 merfolk
  2 hornets
  4 snapping turtles
  19 slime creatures
  2 shadows
  11 water elementals
  An air elemental (Elf:1)
  A flying skull (Zig:9)
  A culicivora (Spider:4)
  A vampire (D:11)
  2 wraiths (Vaults:3)
  3 spriggans
  A yak (Vaults:2)
  An ushabti (Zig:9)
  2 fire elementals
  A chaos spawn (Zig:3)
  A spatial vortex (Abyss:2)
  3 hell hounds (Zig:10)
  A naga (Zig:11)
  7 orc warriors (Zig:8)
  4 ogres (Zig:8)
  2 boggarts (Lair:5)
  A wolf (Lair:5)
  5 small abominations
  2 orc priests (Zig:8)
  An iron imp (Abyss:2)
  3 orc wizards
  9 mummies (Zig:9)
  An orc (Orc:1)
  A starspawn tentacle (Zig:7)
  4 tentacles
526 creatures vanquished.

Vanquished Creatures (others)
  An ettin (Depths:4)
  A hydra (Zig:12)
  2 deep troll earth magi (Depths:2)
  A swamp dragon (Zig:12)
  A goliath frog (Zig:12)
  A black mamba (Zig:11)
  A tormentor (Zig:7)
  A tarantella (Spider:1)
  An orc wizard (D:11)
  9 ball lightnings
  5 fire vortices (Zig:13)
  2 foxfires (Zig:12)
  127 fulminant prisms
  A lurking horror (Abyss:2)
  A snaplasher vine (Shoals:4)
  3 starspawn tentacles (Zig:7)
  12 tentacles
170 creatures vanquished.

Grand Total: 2595 creatures vanquished

Notes
Turn   | Place    | Note
-------+----------+-------------------------------------------
     0 | D:1      | jt the Djinni Conjurer began the quest for the Orb.
     0 | D:1      | jt set off with the following spells memorised: Magic Dart,
                  | Searing Ray, Dazzling Flash, Fulminant Prism, Iskenderun's
                  | Mystic Blast.
     0 | D:1      | Reached XP level 1. HP: 15/15 MP: 0/0
   116 | D:1      | Reached XP level 2. HP: 20/21 MP: 0/0
   280 | D:1      | Reached skill level 1 in Fighting
   327 | D:1      | Reached XP level 3. HP: 24/27 MP: 0/0
   327 | D:1      | Learned a level 1 spell: Kiss of Death
   944 | D:2      | Reached XP level 4. HP: 32/33 MP: 0/0
  1464 | D:3      | Found a basalt altar of Yredelemnul.
  1508 | D:3      | Reached skill level 4 in Fire Magic
  1721 | D:3      | Reached XP level 5. HP: 36/39 MP: 0/0
  1721 | D:3      | Learned a level 2 spell: Lesser Beckoning
  2036 | D:4      | Found a staircase to the Ecumenical Temple.
  2058 | Temple   | Entered the Ecumenical Temple
  2285 | Temple   | Became a worshipper of Uskayaw the Reveller
  2379 | D:4      | Reached * piety under Uskayaw
  2825 | D:4      | Identified the +0 leather armour of the Fabulous God {rC+}
  2831 | D:4      | Found a burning altar of Makhleb.
  2832 | D:4      | Found a shadowy altar of Dithmenos.
  2833 | D:4      | Found a hazy altar of Hepliaklqana.
  2860 | D:4      | HP: 1/40 [ufetubus (2)]
  3233 | D:5      | Entered Level 5 of the Dungeon
  3250 | D:5      | Reached XP level 6. HP: 43/46 MP: 0/0
  3312 | D:5      | Reached ** piety under Uskayaw
  3315 | D:5      | Reached *** piety under Uskayaw
  3562 | D:5      | Reached skill level 5 in Spellcasting
  3562 | D:5      | Reached skill level 5 in Conjurations
  3562 | D:5      | Reached skill level 5 in Hexes
  3562 | D:5      | Reached skill level 5 in Summonings
  3562 | D:5      | Reached skill level 5 in Necromancy
  3562 | D:5      | Reached skill level 5 in Translocations
  3562 | D:5      | Reached skill level 5 in Transmutations
  3562 | D:5      | Reached skill level 5 in Fire Magic
  3562 | D:5      | Reached skill level 5 in Ice Magic
  3562 | D:5      | Reached skill level 5 in Air Magic
  3562 | D:5      | Reached skill level 5 in Earth Magic
  3562 | D:5      | Reached skill level 5 in Poison Magic
  3562 | D:5      | Reached skill level 1 in Invocations
  3688 | D:5      | Reached XP level 7. HP: 44/50 MP: 0/0
  3688 | D:5      | Learned a level 3 spell: Inner Flame
  3959 | D:5      | Reached skill level 1 in Armour
  4645 | D:6      | Reached XP level 8. HP: 49/56 MP: 0/0
  4781 | D:6      | Reached skill level 6 in Fire Magic
  5147 | D:6      | Reached skill level 5 in Invocations
  5472 | D:6      | Found a broken altar of Ashenzari.
  5573 | D:7      | Reached XP level 9. HP: 57/60 MP: 0/0
  5573 | D:7      | Learned a level 4 spell: Olgreb's Toxic Radiance
  5618 | D:7      | Reached skill level 7 in Fire Magic
  6393 | D:7      | Reached **** piety under Uskayaw
  6394 | D:7      | Reached skill level 8 in Fire Magic
  6890 | D:8      | Reached skill level 9 in Fire Magic
  6890 | D:8      | Reached XP level 10. HP: 23/67 MP: 0/0
  6890 | D:8      | Reached ***** piety under Uskayaw
  7072 | D:8      | Noticed a two-headed ogre
  7077 | D:8      | Killed a two-headed ogre
  7078 | D:8      | Reached skill level 10 in Spellcasting
  7078 | D:8      | Reached skill level 10 in Conjurations
  7078 | D:8      | Reached skill level 10 in Hexes
  7078 | D:8      | Reached skill level 10 in Summonings
  7078 | D:8      | Reached skill level 10 in Necromancy
  7078 | D:8      | Reached skill level 10 in Translocations
  7078 | D:8      | Reached skill level 10 in Transmutations
  7078 | D:8      | Reached skill level 10 in Fire Magic
  7078 | D:8      | Reached skill level 10 in Ice Magic
  7078 | D:8      | Reached skill level 10 in Air Magic
  7078 | D:8      | Reached skill level 10 in Earth Magic
  7078 | D:8      | Reached skill level 10 in Poison Magic
  7635 | D:8      | Noticed a two-headed ogre
  7641 | D:8      | Killed a two-headed ogre
  8141 | D:9      | Reached skill level 11 in Fire Magic
  8188 | D:9      | Reached XP level 11. HP: 55/71 MP: 0/0
  8188 | D:9      | Learned a level 5 spell: Summon Forest
  8571 | D:9      | Noticed Maggie
  8657 | D:9      | Reached skill level 1 in Evocations
  8838 | D:9      | Noticed a cyclops
  9016 | D:9      | Found a staircase to the Lair.
  9030 | D:9      | Killed a cyclops
  9424 | D:9      | Killed Maggie
  9500 | D:9      | Noticed a deep elf pyromancer
  9506 | D:9      | Noticed a purple ugly thing
  9506 | D:9      | Noticed a purple ugly thing
  9522 | D:9      | Killed a deep elf pyromancer
  9525 | D:9      | Killed a purple ugly thing
  9597 | D:9      | Killed a purple ugly thing
 10185 | D:9      | Noticed Pikel
 10189 | D:9      | Killed Pikel
 10190 | D:9      | Reached skill level 12 in Fire Magic
 10772 | Lair:1   | Entered Level 1 of the Lair of Beasts
 10781 | Lair:1   | Found a runed translucent gate.
 10782 | Lair:1   | Found a runed translucent gate.
 10783 | Lair:1   | Found a runed translucent gate.
 10783 | Lair:1   | Noticed Asein's ghost (journeyman DrEE)
 11239 | Lair:1   | Reached ****** piety under Uskayaw
 11281 | Lair:1   | Reached XP level 12. HP: 75/76 MP: 0/0
 11362 | Lair:1   | Noticed a catoblepas
 11371 | Lair:1   | Killed a catoblepas
 12712 | Lair:3   | Found a hole to the Spider Nest.
 12712 | Lair:3   | Noticed an orb spider
 12716 | Lair:3   | Killed an orb spider
 12907 | Lair:3   | Reached skill level 13 in Fire Magic
 13029 | Lair:3   | Noticed Sonja
 13038 | Lair:3   | Killed Sonja
 13053 | Lair:3   | Reached XP level 13. HP: 47/85 MP: 0/0
 13053 | Lair:3   | Learned a level 5 spell: Lee's Rapid Deconstruction
 13057 | Lair:3   | Reached skill level 5 in Fighting
 13268 | Lair:3   | Reached skill level 10 in Invocations
 13438 | Lair:3   | Found a staircase to the Shoals.
 14075 | Lair:4   | Reached skill level 1 in Long Blades
 14925 | Lair:5   | Entered Level 5 of the Lair of Beasts
 14931 | Lair:5   | Found a frozen archway.
 14961 | Lair:5   | Found a staircase to the Slime Pits.
 14966 | IceCv    | Entered an ice cave
 15160 | IceCv    | Reached XP level 14. HP: 84/96 MP: 0/0
 15569 | IceCv    | Noticed a reaper
 15577 | IceCv    | Killed a reaper
 15847 | Lair:5   | Reached skill level 5 in Dodging
 16801 | Lair:5   | Reached skill level 14 in Fire Magic
 17031 | D:10     | Entered Level 10 of the Dungeon
 17044 | D:10     | Found a staircase to the Orcish Mines.
 17348 | D:10     | Found a snail-covered altar of Cheibriados.
 17750 | D:11     | Found a gate leading to a gauntlet.
 17761 | D:11     | Reached skill level 10 in Fighting
 17761 | D:11     | Reached XP level 15. HP: 107/107 MP: 0/0
 17761 | D:11     | Learned a level 6 spell: Conjure Ball Lightning
 17765 | Gauntlet | Entered a Gauntlet
 17765 | Gauntlet | Found a large runed translucent door.
 17765 | Gauntlet | Found a large runed translucent door.
 17765 | Gauntlet | Found a large runed translucent door.
 17765 | Gauntlet | Found a large runed translucent door.
 17765 | Gauntlet | Found a large runed translucent door.
 17765 | Gauntlet | Found a large runed translucent door.
 17765 | Gauntlet | Found a large runed translucent door.
 17765 | Gauntlet | Found a large runed translucent door.
 17765 | Gauntlet | Found a runed translucent door.
 17765 | Gauntlet | Found a runed translucent gate.
 17765 | Gauntlet | Found a transporter.
 17765 | Gauntlet | Found a transporter.
 17765 | Gauntlet | Found a runed translucent gate.
 17765 | Gauntlet | Found a transporter.
 17766 | Gauntlet | Found a runed translucent door.
 17766 | Gauntlet | Found a runed translucent gate.
 17768 | Gauntlet | Found a large runed translucent door.
 17768 | Gauntlet | Found a large runed translucent door.
 17768 | Gauntlet | Found a large runed translucent door.
 17768 | Gauntlet | Found a large runed translucent door.
 17769 | Gauntlet | Found a large runed translucent door.
 17769 | Gauntlet | Found a large runed translucent door.
 17770 | Gauntlet | Found a large runed translucent door.
 17770 | Gauntlet | Found a large runed translucent door.
 17785 | Gauntlet | Found a transporter.
 17795 | Gauntlet | Found a transporter.
 17817 | Gauntlet | Found a transporter.
 17823 | Gauntlet | Found a transporter.
 17831 | Gauntlet | Found a transporter.
 17848 | Gauntlet | Found a transporter.
 17861 | Gauntlet | Found a transporter.
 17877 | Gauntlet | Found a transporter.
 17889 | Gauntlet | Found a transporter.
 17960 | Gauntlet | Reached XP level 16. HP: 112/113 MP: 0/0
 17974 | Gauntlet | Identified the +3 hat of the Lobster {Harm rElec Int-4
                  | SInv}
 18004 | Gauntlet | Identified the +2 helmet "Cudoun" {+Inv rF+}
 18081 | Gauntlet | Identified the +0 chain mail of the Equinox {rF+}
 18719 | Orc:1    | Entered Level 1 of the Orcish Mines
 18921 | Orc:1    | Found Nemupp's Assorted Antiques.
 18931 | Orc:1    | Bought a vibrating wooden ring for 165 gold pieces
 18931 | Orc:1    | Identified the ring of Recklessness {rCorr Slay+3} (You
                  | bought it in a shop on level 1 of the Orcish Mines)
 18937 | Orc:1    | Bought a silvery potion for 29 gold pieces
 18937 | Orc:1    | Bought a scroll of revelation for 247 gold pieces
 18992 | Orc:1    | Found Abaof's Firing Range.
 19252 | Orc:2    | Entered Level 2 of the Orcish Mines
 19302 | Orc:2    | Noticed Jorgrun
 19359 | Orc:2    | Killed Jorgrun
 19595 | Orc:2    | Found Qual's Assorted Antiques.
 19610 | Orc:2    | Bought a worn lead wand for 116 gold pieces
 19610 | Orc:2    | Bought a scroll labelled XEBEIN ATYMN for 29 gold pieces
 19610 | Orc:2    | Bought a yellow potion for 26 gold pieces
 19654 | Orc:2    | Found a staircase to the Elven Halls.
 19688 | Orc:2    | Noticed Saint Roka
 19693 | Orc:2    | Killed Saint Roka
 19752 | Orc:2    | Found Ofae's Antique Weapon Emporium.
 19760 | Orc:2    | Found Cuat's Antique Armour Shoppe.
 20146 | Orc:2    | Found Jireushri's Jewellery Shop.
 20269 | Elf:1    | Entered Level 1 of the Elven Halls
 20269 | Elf:1    | Noticed a deep elf sorcerer
 20269 | Elf:1    | Found a runed translucent gate.
 20269 | Elf:1    | Found a runed translucent gate.
 20269 | Elf:1    | Found a runed translucent gate.
 20269 | Elf:1    | Found a runed translucent gate.
 20269 | Elf:1    | Found a runed translucent gate.
 20269 | Elf:1    | Found a runed translucent gate.
 20435 | Spider:1 | Entered Level 1 of the Spider Nest
 20579 | Spider:1 | Found a runed translucent door.
 20580 | Spider:1 | Noticed t4s4d4r's ghost (adept DsEE)
 20651 | Spider:1 | Reached skill level 15 in Fire Magic
 21159 | Spider:1 | Killed t4s4d4r's ghost
 21646 | Spider:2 | Found a runed translucent gate.
 21646 | Spider:2 | Found a runed translucent gate.
 21646 | Spider:2 | Found a runed translucent gate.
 21747 | Spider:2 | Reached XP level 17. HP: 114/121 MP: 0/0
 21747 | Spider:2 | Learned a level 7 spell: Summon Hydra
 21853 | Spider:2 | Noticed KimchiStew's ghost (adept AtHu)
 22106 | Spider:2 | Reached skill level 5 in Long Blades
 22591 | Spider:4 | Entered Level 4 of the Spider Nest
 23203 | D:12     | Reached skill level 5 in Armour
 23919 | D:13     | Identified the +1 short sword of Kolehiud {distort, rC+}
 24754 | D:13     | Found a gate to the Vaults.
 25107 | D:14     | Identified the +3 robe of Buafybik {Harm rPois Int+2}
 25467 | D:14     | Reached skill level 15 in Spellcasting
 25467 | D:14     | Reached skill level 15 in Conjurations
 25467 | D:14     | Reached skill level 15 in Hexes
 25467 | D:14     | Reached skill level 15 in Summonings
 25467 | D:14     | Reached skill level 15 in Necromancy
 25467 | D:14     | Reached skill level 15 in Translocations
 25467 | D:14     | Reached skill level 15 in Transmutations
 25467 | D:14     | Reached skill level 15 in Ice Magic
 25467 | D:14     | Reached skill level 15 in Air Magic
 25467 | D:14     | Reached skill level 15 in Earth Magic
 25467 | D:14     | Reached skill level 15 in Poison Magic
 25928 | D:14     | Reached skill level 15 in Invocations
 25958 | D:14     | Reached XP level 18. HP: 41/131 MP: 0/0
 26149 | D:15     | Entered Level 15 of the Dungeon
 26241 | D:15     | Reached skill level 5 in Stealth
 26538 | D:15     | Found a staircase to the Depths.
 26689 | D:15     | Reached skill level 16 in Fire Magic
 27156 | Shoals:1 | Entered Level 1 of the Shoals
 27300 | Spider:2 | Killed KimchiStew's ghost
 27475 | Spider:3 | Noticed Agnes
 27485 | Spider:3 | Killed Agnes
 29057 | Elf:1    | Found a runed translucent door.
 29067 | Elf:1    | Found a runed translucent door.
 29108 | Elf:1    | Paralysed by an air elemental for 1 turns
 29306 | Elf:1    | Found a runed translucent gate.
 29306 | Elf:1    | Found a runed translucent gate.
 29307 | Elf:1    | Noticed a tentacled monstrosity
 29308 | Elf:1    | Found a runed translucent gate.
 29309 | Elf:1    | Noticed a tentacled monstrosity
 29311 | Elf:1    | Noticed a tentacled monstrosity
 29350 | Elf:1    | Paralysed by an air elemental for 1 turns
 29352 | Elf:1    | Paralysed by an air elemental for 1 turns
 29355 | Elf:1    | Paralysed by an air elemental for 1 turns
 29363 | Elf:1    | Paralysed by an air elemental for 1 turns
 29529 | Elf:1    | Paralysed by an air elemental for 1 turns
 29533 | Elf:1    | Paralysed by an air elemental for 1 turns
 29892 | Elf:1    | Reached XP level 19. HP: 120/140 MP: 0/0
 29892 | Elf:1    | Learned a level 6 spell: Simulacrum
 30091 | Elf:1    | Identified the ring of Gemawen {rPois Dex+2}
 30571 | Elf:2    | Paralysed by an air elemental for 1 turns
 30605 | Elf:2    | Identified the +0 hat "Reejuez" {-Cast rElec rF+ SInv}
 30873 | Elf:2    | Identified the ring "Dubbid" {Contam rElec Int+6 Stlth+}
 30998 | Elf:2    | Found a runed translucent gate.
 30999 | Elf:2    | Found a runed translucent gate.
 30999 | Elf:2    | Found a runed translucent gate.
 31202 | Elf:3    | Entered Level 3 of the Elven Halls
 31212 | Elf:3    | Reached skill level 17 in Fire Magic
 31259 | Elf:3    | Noticed a deep elf blademaster
 31262 | Elf:3    | Killed a deep elf blademaster
 31265 | Elf:3    | Noticed a deep elf blademaster
 31735 | Elf:3    | Reached skill level 1 in Shields
 31896 | Elf:3    | Reached skill level 15 in Fighting
 32119 | Elf:3    | Identified the ring "Wadiur" {rCorr Dex+3 SInv}
 32458 | Elf:3    | Killed a deep elf blademaster
 33075 | Elf:3    | Reached XP level 20. HP: 140/149 MP: 0/0
 33356 | Orc:2    | Bought a scorched ring mail for 270 gold pieces
 33356 | Orc:2    | Identified the +1 ring mail of Muttered Phrases {rN++
                  | Str+4} (You bought it in a shop on level 2 of the Orcish
                  | Mines)
 33657 | Orc:2    | Bought a fine robe for 171 gold pieces
 33657 | Orc:2    | Identified the +1 robe of Gehenna {Will+} (You bought it in
                  | a shop on level 2 of the Orcish Mines)
 33664 | Orc:2    | Bought a crude spear for 272 gold pieces
 33664 | Orc:2    | Identified the +4 spear of Attysil {distort, Int+2} (You
                  | bought it in a shop on level 2 of the Orcish Mines)
 33992 | Elf:3    | Identified the +8 shortbow "Zukerouc" {freeze, rElec rC+
                  | Int+2 Stlth+}
 34076 | Elf:3    | Identified the ring "Zyox" {rElec rC+ Str+5 Dex-2}
 34089 | Elf:3    | Reached skill level 5 in Shields
 34612 | Spider:4 | Noticed Bai Suzhen
 34623 | Spider:3 | Killed Bai Suzhen
 34624 | Spider:3 | Reached skill level 18 in Fire Magic
 35549 | Spider:4 | Identified the +1 pair of gloves of the Bull {Rampage rPois
                  | Int-4 Dex+8}
 35557 | Spider:4 | Got a gossamer rune of Zot
 36623 | Vaults:1 | Entered Level 1 of the Vaults
 36886 | Vaults:1 | Reached XP level 21. HP: 100/157 MP: 0/0
 36886 | Vaults:1 | Learned a level 7 spell: Enfeeble
 37654 | Vaults:1 | Reached skill level 10 in Shields
 39842 | Shoals:1 | Found a runed translucent door.
 39965 | Shoals:1 | Found a corrupted altar of Lugonu.
 39967 | Shoals:1 | Found a one-way gate to the infinite horrors of the Abyss.
 40788 | Shoals:1 | Identified the ring of Upenoaq {rF+ Will- Int+3 Dex+3}
 41094 | Shoals:2 | Identified the +6 broad axe of Sharkskin {heavy, *Noise
                  | rElec rPois}
 41476 | Shoals:2 | Reached XP level 22. HP: 129/164 MP: 0/0
 41750 | Shoals:2 | Noticed Polyphemus
 41757 | Shoals:2 | Killed Polyphemus
 42204 | Shoals:3 | Reached skill level 15 in Shields
 42218 | Shoals:3 | Identified a scroll of acquirement
 42325 | Shoals:3 | Found Sogiluce's Armour Emporium.
 43114 | Shoals:4 | Entered Level 4 of the Shoals
 43345 | Shoals:4 | Identified the +6 trident of Anguish {holy, +Blink Str+3
                  | Int+3}
 43375 | Shoals:4 | Reached skill level 5 in Evocations
 43394 | Shoals:4 | Got a barnacled rune of Zot
 43724 | Shoals:4 | Found the ring of the Tortoise {AC+8}
 44052 | Shoals:4 | Reached skill level 19 in Fire Magic
 44093 | Shoals:4 | Identified the +0 helmet of Walyedoz {Harm +Inv Regen+
                  | Str-4}
 44764 | Elf:1    | Found a runed translucent gate.
 44764 | Elf:1    | Found a runed translucent gate.
 44766 | Elf:1    | Found a runed translucent gate.
 44773 | Elf:1    | Noticed initializr's ghost (journeyman DrEE)
 44783 | Elf:1    | Reached XP level 23. HP: 149/171 MP: 0/0
 44783 | Elf:1    | Learned a level 7 spell: Dragon Form
 44787 | Elf:1    | Killed initializr's ghost
 44836 | Elf:1    | Identified the -1 hat "Kecwigonk" {rElec Str+2 Int-5}
 45288 | Lair:1   | Killed Asein's ghost
 46084 | Vaults:2 | You are sucked into a shaft and drop 1 floor!
 46855 | Abyss:2  | Cast into level 2 of the Abyss (a wizard)
 47308 | Vaults:3 | Escaped the Abyss
 47819 | Vaults:3 | Found a staircase to the Crypt.
 48785 | Vaults:4 | Found Poqa's Weapon Boutique.
 49097 | Vaults:4 | Reached XP level 24. HP: 120/179 MP: 0/0
 49571 | Vaults:4 | Reached skill level 20 in Fire Magic
 49813 | Vaults:5 | Entered Level 5 of the Vaults
 50037 | Depths:1 | Entered Level 1 of the Depths
 50037 | Depths:1 | Found a transporter.
 50182 | Depths:1 | Found a transporter.
 50274 | Depths:1 | Identified the +7 plate armour of Sandy Awe {rN+ rCorr
                  | Str+3 Dex-3}
 50287 | Depths:1 | Found a transporter.
 50331 | Depths:1 | Found a transporter.
 50411 | Depths:1 | Found a gateway to Hell.
 50493 | Depths:1 | HP: 3/181 [stone giant/large rock (35)]
 50971 | Depths:1 | Found a one-way gate leading to the halls of Pandemonium.
 51054 | Depths:1 | Found a white marble altar of Elyvilon.
 51429 | Depths:2 | Found Womeyn's Magic Scroll Emporium.
 51439 | Depths:2 | Bought a scroll of fear for 84 gold pieces
 51439 | Depths:2 | Bought a scroll of revelation for 157 gold pieces
 51520 | Depths:2 | Reached skill level 10 in Evocations
 51531 | Depths:2 | Reached XP level 25. HP: 146/187 MP: 0/0
 51531 | Depths:2 | Learned a level 8 spell: Lehudib's Crystal Spear
 51534 | Depths:2 | Noticed a juggernaut
 51537 | Depths:2 | Killed a juggernaut
 51565 | Depths:2 | Identified the ring "Douphych" {rF+++ rC+ rCorr Dex+3
                  | Slay-2}
 51591 | Depths:2 | Reached skill level 21 in Fire Magic
 51756 | Depths:2 | Identified the +2 robe of Distant Worlds {rF+ Dex+3}
 51832 | Depths:2 | Identified the staff of the Arena {rN+ Dex+3 SInv Necro}
 51951 | Depths:2 | Acquired 518 gold pieces
 51953 | Depths:2 | Acquired a manual of Spellcasting
 52353 | Depths:3 | Noticed Sojobo
 52362 | Depths:3 | Killed Sojobo
 53640 | Depths:4 | Entered Level 4 of the Depths
 53675 | Depths:4 | Found a glowing golden altar of the Shining One.
 53678 | Depths:4 | Reached XP level 26. HP: 122/195 MP: 0/0
 53727 | Depths:4 | Found Luic's Antique Weapon Boutique.
 53736 | Depths:4 | Bought a crystal dagger for 252 gold pieces
 53736 | Depths:4 | Identified the +11 dagger of a treasure trove {protect, Fly
                  | rC+ SInv} (You bought it in a shop on level 4 of the
                  | Depths)
 53742 | Depths:4 | Found a transporter.
 53757 | Depths:4 | Found a bloodstained altar of Trog.
 53757 | Depths:4 | Noticed Afra's ghost (veteran FoHs)
 53759 | Depths:4 | Noticed a juggernaut
 53769 | Depths:4 | Found a transporter.
 53788 | Depths:4 | Killed Afra's ghost
 53788 | Depths:4 | Killed a juggernaut
 53885 | Depths:4 | Found a one-way gateway to a ziggurat.
 54141 | Depths:4 | Found a gate to the Realm of Zot.
 54610 | Zig:1    | Entered Level 1 of a ziggurat
 54627 | Zig:2    | Entered Level 2 of a ziggurat
 54685 | Zig:3    | Entered Level 3 of a ziggurat
 54694 | Zig:3    | Reached skill level 10 in Armour
 54738 | Zig:4    | Entered Level 4 of a ziggurat
 54748 | Zig:4    | Reached skill level 22 in Fire Magic
 54786 | Zig:5    | Entered Level 5 of a ziggurat
 54806 | Zig:5    | Identified the staff of Vehumet's Outrage {Will++ Dex-3
                  | Conj Earth}
 54809 | Zig:5    | Reached XP level 27. HP: 194/203 MP: 0/0
 54809 | Zig:5    | Learned a level 9 spell: Dragon's Call
 54820 | Zig:6    | Entered Level 6 of a ziggurat
 54853 | Zig:6    | Identified the staff of Blood {+Blink rF+ Conj}
 54865 | Zig:6    | Identified the staff of Generosity {Int+2 Conj}
 54871 | Zig:7    | Entered Level 7 of a ziggurat
 54880 | Zig:7    | Noticed Quac Vicw the pandemonium lord
 54895 | Zig:7    | Killed Quac Vicw the pandemonium lord
 54954 | Zig:8    | Entered Level 8 of a ziggurat
 54957 | Zig:8    | Noticed a juggernaut
 54960 | Zig:8    | Noticed a juggernaut
 54969 | Zig:8    | Killed a juggernaut
 54970 | Zig:8    | Killed a juggernaut
 54985 | Zig:8    | Identified the +9 shortbow of Woif {drain, rPois Dex+3}
 54988 | Zig:8    | Identified the staff "Jellyslayer" {rElec rF+ rN+ Dex+3
                  | SInv Air}
 55051 | Zig:9    | Entered Level 9 of a ziggurat
 55054 | Zig:9    | Noticed a royal mummy
 55054 | Zig:9    | Noticed a royal mummy
 55061 | Zig:9    | Killed a royal mummy
 55062 | Zig:9    | Killed a royal mummy
 55132 | Zig:9    | Identified the +1 plate armour of Happiness {Contam rN+++
                  | Regen+ MP+9}
 55228 | Zig:10   | Entered Level 10 of a ziggurat
 55232 | Zig:10   | Noticed an orb of fire
 55232 | Zig:10   | Noticed an orb of fire
 55235 | Zig:10   | Noticed an orb of fire
 55239 | Zig:10   | Killed an orb of fire
 55241 | Zig:10   | Gained mutation: Your spells are a little easier to cast,
                  | but a little less powerful. [an orb of fire]
 55243 | Zig:10   | Killed an orb of fire
 55246 | Zig:10   | Killed an orb of fire
 55256 | Zig:10   | Identified the +8 morningstar of Youthful Indiscretion
                  | {vamp, rPois Int+5 Dex-3}
 55312 | Zig:11   | Entered Level 11 of a ziggurat
 55340 | Zig:11   | Found the +11 Singing Sword {sonic wave}
 55350 | Zig:11   | Identified the ring "Vycet" {*Slow Fly rF+ rN+++ AC+4}
 55369 | Zig:11   | Identified the ring "Qohuehu" {EV+5 Str+3}
 55492 | Zig:12   | Entered Level 12 of a ziggurat
 55545 | Zig:12   | Identified the +11 sling "Xuwynef" {drain, Contam Str+2
                  | Dex+7 Stlth+}
 55549 | Zig:12   | Identified the +4 war axe of Distraction {heavy, Dex+2}
 55561 | Zig:12   | Identified the +4 plate armour of the Furies {rF++ rC+
                  | Str-3}
 55619 | Zig:13   | Entered Level 13 of a ziggurat
 55637 | Zig:13   | Noticed Lintiodu the pandemonium lord
 55653 | Zig:13   | Found the +8 Vampire's Tooth {megavamp}
 56148 | Vaults:5 | Noticed an ancient lich
 56552 | Vaults:5 | Found the ring of the Hare {EV+10}
 56552 | Vaults:5 | Found the +0 mask of the Dragon {Will+ Slay+3 SInv}
 56624 | Vaults:5 | Noticed a dread lich
 56629 | Vaults:5 | Killed a dread lich
 56630 | Vaults:5 | Reached skill level 23 in Fire Magic
 56866 | Vaults:5 | Reached skill level 10 in Long Blades
 57049 | Vaults:5 | Identified the +10 long sword of Rybubbar {heavy, Int+5}
 57143 | Vaults:5 | Identified the ring "Muarimef" {rElec rPois rC+ Str+3
                  | Int+3}
 57315 | Vaults:5 | Killed an ancient lich
 57375 | Vaults:5 | Identified the +6 spear of Defiance {vamp, rN+}
 57453 | Vaults:5 | Identified the ring of Qoptump {rElec rPois Will+ SInv}
 57476 | Vaults:5 | Noticed Mennas
 57478 | Vaults:5 | Killed Mennas
 57700 | Vaults:5 | Identified the +2 tower shield of Jealuc {rC+}
 57963 | Vaults:5 | Got a silver rune of Zot
 58304 | Hell     | Entered the Vestibule of Hell
 58304 | Hell     | Noticed Geryon
 58613 | Zot:1    | Entered Level 1 of the Realm of Zot
 59344 | Zot:2    | Found a transporter.
 59348 | Zot:2    | Found a transporter.
 59348 | Zot:2    | Identified the ring "Rusamauwk" {Fire rN++ Int-4 Dex+3
                  | SInv}
 59350 | Zot:2    | Noticed an orb of fire
 59356 | Zot:2    | Identified the +11 morningstar of the Muttering Gods {pain,
                  | rElec rC+ Will+ Str-3}
 59369 | Zot:2    | Found a transporter.
 59389 | Zot:2    | Found a transporter.
 59404 | Zot:2    | Found a transporter.
 60868 | Zot:4    | Reached skill level 10 in Dodging
 61905 | Zot:5    | Entered Level 5 of the Realm of Zot
 62231 | Zot:5    | Identified the +1 ring mail of Vexation {Str+5}
 62447 | Zot:5    | Noticed a Killer Klown
 62460 | Zot:5    | Killed a Killer Klown
 62566 | Zot:5    | Noticed an orb of fire
 62632 | Zot:5    | Noticed a dread lich
 62643 | Zot:5    | Killed a dread lich
 62650 | Zot:5    | Noticed a Killer Klown
 62654 | Zot:5    | Killed a Killer Klown
 62680 | Zot:5    | Reached skill level 15 in Armour
 62843 | Zot:5    | Noticed an orb of fire
 62845 | Zot:5    | Killed an orb of fire
 62953 | Zot:5    | Noticed a Killer Klown
 62958 | Zot:5    | Killed a Killer Klown
 62996 | Zot:5    | Got the Orb of Zot
 63227 | Depths:3 | Noticed Toheme the pandemonium lord
 63229 | Depths:3 | Killed Toheme the pandemonium lord
 63549 | D:$      | Escaped with the Orb!

Illustrated notes

Levels and vault maps discovered:
D:1:      minmay_arrival_diagonal_passages, layout_rooms, minmay_pentomino_x2
D:2:      layout_loops_ring
D:3:      layout_basic, mainiacjoe_overflow_catwalk, serial_forest,
          infiniplex_forest_clump_large, infiniplex_forest_straight_1,
          infiniplex_forest_clump_tiny, infiniplex_forest_straight_4,
          infiniplex_forest_straight_4, minmay_misc_feat_rugged
D:4:      layout_loops_cross, mainiacjoe_overflow_alcove_3, temple_green
D:5:      layout_basic, grunt_decor_cap
D:6:      layout_rooms, cheibrodos_ashenzari_chains, serial_curves,
          eino_curves_04, eino_curves_03, serial_bayou_pond_e
D:7:      layout_loops_corners
D:8:      minmay_angry_zag, layout_layer_cave, minmay_misc_feat_tiny
D:9:      minmay_ornate_pinched, layout_stronghold, uniq_pikel, uniq_maggie
D:10:     layout_rooms, mainiacjoe_overflow_six_doors_small, david_orc_3
D:11:     layout_loops_ring, gauntlet_entry_generic
D:12:     layout_roguey, serial_undead, serial_undead_a, serial_undead_f,
          serial_undead_d, serial_undead_b, nicolae_vehumet_radiance
D:13:     layout_layer_cave, grunt_vaults_entry_fortified, fungi_pond_lemuel,
          kennysheep_generic_room_11
D:14:     minmay_open_boxes_in_corner, layout_loops_ring, serial_bayou_shore_b
D:15:     gammafunk_depths_entry_grave, layout_rooms, dk_noncrumbling_4
Temple:   regret_index_temple_waves
Lair:1:   layout_regular_city, ebering_ghost_rock_garden
Lair:2:   dpeg_oklob_shooting_range, layout_long_grid, serial_bayou_ford_a,
          st_stairs_7, grunt_megastairs_2
Lair:3:   layout_regular_city, minmay_shoals_entry_beasts,
          nicolae_spider_entry_orb_guardian, uniq_sonja
Lair:4:   layout_loops_ring, serial_bayou_pond_a, grunt_megastairs_4,
          lemuel_fruit_tree, lemuel_fruit_fields
Lair:5:   minmay_lair_end_enchanted_forest, layout_loops_ring,
          nicolae_slime_entry_field_trip, portal_ice_cave_entry_ice_simulacra
Shoals:1: layout_shoals, nicolae_shoals_abyss_on_the_beach
Shoals:2: layout_shoals, nicolae_shoals_aquamancer_cove, uniq_polyphemus
Shoals:3: layout_shoals, serial_shops, shop
Shoals:4: shoals_end_grunt_ice, layout_shoals,
          nicolae_shoals_siren_and_animal_friends
Spider:1: layout_spider_delve, ebering_ghost_reflecting_pool,
          nicolae_spider_webbed_stairs
Spider:2: nicolae_spider_hilbert_zone_1 [nicolae_spider_hilbert_4_sides_1_open,
          nicolae_spider_hilbert_4_sides_1_open,
          nicolae_spider_hilbert_4_sides_1_open,
          nicolae_spider_hilbert_4_sides_1_open,
          nicolae_spider_hilbert_3_sides_1_open,
          nicolae_spider_hilbert_3_sides_1_open,
          nicolae_spider_hilbert_3_sides_1_open,
          nicolae_spider_hilbert_3_sides_1_open,
          nicolae_spider_hilbert_3_sides_1_open,
          nicolae_spider_hilbert_6_sides_1_open,
          nicolae_spider_hilbert_6_sides_1_open,
          nicolae_spider_hilbert_3_sides_1_open,
          nicolae_spider_hilbert_3_sides_1_open,
          nicolae_spider_hilbert_3_sides_1_open,
          nicolae_spider_hilbert_3_sides_1_open,
          nicolae_spider_hilbert_2_sides_1_open], ebering_ghost_rock_garden
Spider:3: layout_spider_delve, uniq_agnes
Spider:4: grunt_spider_rune_island, drop_trap, nicolae_spider_paper_wasps,
          uniq_bai_suzhen
Orc:1:    layout_diamond_mine, serial_shops, nicolae_shop_tiny_waterfront,
          nicolae_shop_firing_range
Orc:2:    grunt_orc_community_town_hall, layout_diamond_mine,
          grunt_orc_community_big_house_1, grunt_orc_community_big_house_2,
          grunt_orc_community_house_2, grunt_orc_community_house_2,
          grunt_orc_community_house_2, grunt_orc_community_house_2, uniq_jorgrun
Elf:1:    nicolae_elf_arrival_dilemma, layout_geoelf_diagonals, basic_altar,
          ploomutoo_gammafunk_ghost_potion_laboratory, hangedman_elf_represent
Elf:2:    nicolae_elf_blades_crystal_corner, layout_gridlike, basic_altar,
          small_chamber_with_monster
Elf:3:    nooodl_elf_gasket, layout_geoelf_diagonals, david_defended_altar_elf
Vaults:1: nicolae_vaults_hexular_roomagon, ontoclasm_vaults_bender,
          nicolae_vaults_network_quincunx
          [nicolae_vaults_network_quincunx_subvault,
          nicolae_vaults_network_quincunx_subvault,
          nicolae_vaults_network_quincunx_subvault,
          nicolae_vaults_network_quincunx_subvault,
          nicolae_vaults_network_quincunx_subvault], grunt_vaults_hallway_short,
          v_pattern_5, nicolae_vaults_tetromino_L_1, nicolae_vaults_trapezoid_2,
          nicolae_vaults_stepped_doors, nicolae_vaults_what_the_h,
          nicolae_vaults_network_barrier, v_misc_31, st_lattice,
          nicolae_vaults_offset_grid_hallway_3,
          nicolae_vaults_ring_of_whatevers, layout_vaults_omnibox
Vaults:2: v_misc_5, hangedman_vaults_cutoff, vaults_dpeg_encased_lava,
          serial_ice_b, nicolae_vaults_security_offices_5, serial_ice_h,
          nicolae_vaults_alarming, v_misc_12,
          nicolae_vaults_doubleplus_tesselated, ontoclasm_vaults_fault,
          hangedman_vaults_trim, v_alt_pattern_3, layout_vaults_big_cross
Vaults:3: minmay_crypt_entry_simple_box, nicolae_vaults_ring_of_whatevers,
          nicolae_vaults_closet_pinwheel_1, v_misc_11,
          ontoclasm_vaults_decontamination, nicolae_vaults_weapon_check,
          layout_vaults_omnigrid
Vaults:4: nicolae_vaults_little_squares_5, ontoclasm_vaults_loading_screen,
          v_misc_19, grunt_vaults_twisty, ontoclasm_vaults_ligature, v_rooms_5,
          ontoclasm_vaults_misaligned, nicolae_vaults_security_offices_1,
          ontoclasm_vaults_ring_small, nicolae_vaults_little_squares_2,
          vaults_room_grid, v_alt_pattern_6, nicolae_vaults_sightless_eye,
          nicolae_vaults_lightning_bolt, layout_vaults_maze_bifur, serial_shops,
          nicolae_shop_tiny_waterfront
Vaults:5: serial_shops, uniq_mennas
Depths:1: layout_cross, nicolae_elyvilon_temple_path, rand_demon_pan_entry_8,
          hell_entry, hangedman_abyss_or_decor_passed,
          nicolae_transporter_circle
Depths:2: lemuel_castle_with_subvaults [lemuel_castle_interior_carwin_3],
          layout_cave_pools, serial_shops, shop, pf_hell_entry_great_geh,
          pan_entry, minmay_staircase_bubble
Depths:3: minmay_connected_boxes_in_corner, layout_cave_pools,
          chequers_big_river, grunt_mini_vestibule, abyss_entry, uniq_sojobo
Depths:4: grunt_zot_entry_tricorne, layout_honeycomb, enter_ziggurat_a,
          serial_shops, shop, abyss_entry, hell_entry, serial_glass,
          glass_columns_b, glass_columns_b, lemuel_doored_altar,
          gammafunk_ghost_wrathful_warriors
Hell
Zot:1:    layout_gridlike
Zot:2:    gammafunk_the_bubble [the_bubble_gammafunk_roulette], layout_basic
Zot:3:    kennysheep_ambush_hall, layout_onion
Zot:4:    layout_onion_interference, grunt_megastairs_5
Zot:5:    layout_basic

Skill      XL: |  1  2  3  4  5  6  7  8  9 10 11 12 13 14 15 16 17 18 19 20 21 22 23 24 25 26 27 |
---------------+----------------------------------------------------------------------------------+-----
Stealth        | 2 4 5 |  5.0
Fighting       | 1 2 3 4 7 10 12 14 15 16 17 18 19 20 | 20.2
Spellcasting   | 4 5 6 9 11 12 13 14 15 16 17 18 19 20 | 20.4
Conjurations   | 4 5 6 9 11 12 13 14 15 16 17 18 19 | 19.3
Hexes          | 4 5 6 9 11 12 13 14 15 16 17 18 19 | 19.3
Summonings     | 4 5 6 9 11 12 13 14 15 16 17 18 19 | 19.3
Necromancy     | 4 5 6 9 11 12 13 14 15 16 17 18 19 | 19.3
Translocations | 4 5 6 9 11 12 13 14 15 16 17 18 19 | 19.3
Transmutations | 4 5 6 9 11 12 13 14 15 16 17 18 19 | 19.3
Fire Magic     | 4 5 6 9 11 12 13 14 15 16 17 18 19 20 21 22 23 | 23.0
Ice Magic      | 4 5 6 9 11 12 13 14 15 16 17 18 19 | 19.3
Air Magic      | 4 5 6 9 11 12 13 14 15 16 17 18 19 | 19.3
Earth Magic    | 4 5 6 9 11 12 13 14 15 16 17 18 19 | 19.3
Poison Magic   | 4 5 6 9 11 12 13 14 15 16 17 18 19 | 19.3
Invocations    | 1 3 5 6 9 11 12 14 15 17 18 19 20 22 | 22.1
Armour         | 2 3 4 6 8 9 10 15 | 15.5
Evocations     | 4 6 8 10 | 10.0
Long Blades    | 2 4 6 8 9 12 | 12.0
Dodging        | 4 5 12 | 12.7
Shields        | 3 8 14 15 16 17 18 21 | 21.5

Action                     |  1- 3 |  4- 6 |  7- 9 | 10-12 | 13-15 | 16-18 | 19-21 | 22-24 | 25-27 || total
---------------------------+-------+-------+-------+-------+-------+-------+-------+-------+-------++-------
  Melee: Dagger            |     8 |    70 |    49 |    96 |       |       |       |       |       ||   223
         Spear             |    23 |     5 |       |       |       |       |       |       |       ||    28
         Punch             |       |       |     1 |     4 |     1 |     6 |     4 |       |       ||    16
         Demon blade       |       |       |       |    13 |   129 |   374 |   340 |   427 |   155 ||  1438
         Staff             |       |       |       |       |       |    40 |     9 |       |    71 ||   120
         Trident           |       |       |       |       |       |       |       |     3 |       ||     3
         Double sword      |       |       |       |       |       |       |       |       |   243 ||   243
  Throw: Dart              |       |       |       |     1 |       |       |       |       |       ||     1
         Javelin           |       |       |       |       |     1 |     4 |     1 |       |     1 ||     7
   Cast: Magic Dart        |    50 |    48 |    26 |     3 |     3 |       |     2 |       |       ||   132
         Searing Ray       |     1 |     6 |    10 |    10 |     3 |       |       |     1 |       ||    31
         Fulminant Prism   |       |       |    19 |    53 |    27 |    19 |     4 |     4 |     1 ||   127
         Iskenderun's Myst |       |       |     3 |    20 |    45 |    71 |    46 |    34 |    99 ||   318
         Olgreb's Toxic Ra |       |       |    19 |    82 |    63 |   270 |   256 |   143 |   180 ||  1013
         Summon Forest     |       |       |       |     5 |     4 |     9 |     2 |     4 |     3 ||    27
         Lesser Beckoning  |       |       |       |     1 |       |       |     2 |     2 |       ||     5
         Dazzling Flash    |       |       |       |     1 |       |     1 |       |       |       ||     2
         Lee's Rapid Decon |       |       |       |       |    58 |    76 |   194 |    40 |   176 ||   544
         Inner Flame       |       |       |       |       |     1 |     1 |       |       |       ||     2
         Summon Hydra      |       |       |       |       |       |    19 |    43 |    78 |    21 ||   161
         Simulacrum        |       |       |       |       |       |       |       |   114 |    93 ||   207
         Lehudib's Crystal |       |       |       |       |       |       |       |       |   164 ||   164
         Conjure Ball Ligh |       |       |       |       |       |       |       |       |     3 ||     3
         Dragon's Call     |       |       |       |       |       |       |       |       |     7 ||     7
         Enfeeble          |       |       |       |       |       |       |       |       |     3 ||     3
 Invoke: Line Pass         |       |       |       |     1 |       |     1 |       |       |     1 ||     3
         Stomp             |       |       |       |     1 |       |     2 |       |       |     1 ||     4
         Grand Finale      |       |       |       |     1 |     2 |     3 |     4 |     3 |    16 ||    29
Ability: Evoke Invisibilit |       |       |       |       |       |       |     1 |       |     1 ||     2
         Evoke Blink       |       |       |       |       |       |       |       |       |     2 ||     2
  Evoke: Wand              |       |     1 |       |     4 |     2 |    16 |    17 |    10 |    22 ||    72
         Phantom mirror    |       |       |       |       |       |     1 |     2 |     1 |     2 ||     6
         Tin of tremorston |       |       |       |       |       |       |     1 |     2 |     4 ||     7
         Lightning rod     |       |       |       |       |       |       |       |       |     3 ||     3
    Use: Scroll            |       |     7 |     1 |     6 |     8 |    18 |     3 |     3 |    19 ||    65
         Potion            |       |       |       |       |     1 |    12 |     2 |     6 |    15 ||    36
   Stab: Sleeping          |       |     2 |     2 |     1 |       |       |     3 |    11 |     5 ||    24
         Paralysed         |       |     1 |     1 |     4 |    15 |    42 |    36 |    37 |    68 ||   204
         Distracted        |       |       |       |       |       |     6 |     2 |     6 |     4 ||    18
         Invisible         |       |       |       |       |       |       |     1 |       |       ||     1
 Armour: Robe              |     4 |     7 |       |       |       |       |       |       |       ||    11
         Leather armour    |       |       |    10 |    17 |     1 |       |       |       |       ||    28
         Ring mail         |       |       |       |       |    25 |     6 |   124 |   193 |   229 ||   577
         Ice dragon scales |       |       |       |       |       |   259 |    36 |       |       ||   295
  Dodge: Dodged            |    27 |    60 |    37 |    70 |    80 |   220 |   181 |   182 |   220 ||  1077
  Block: Kite shield       |       |       |       |       |       |       |   125 |   331 |   462 ||   918

Table legend: (Time is in decaauts)
 A = Elapsed time spent in this place.
 B = Non-inter-level travel time spent in this place.
 C = Inter-level travel time spent in this place.
 D = Time resting spent in this place.
 E = Time spent auto-exploring this place.
 F = Levels seen in this place.
 G = Mean time per level.
                   A        B        C        D        E       F      G
               +--------+--------+--------+--------+--------+-----+--------+
         Total |  63721 |  57857 |   5864 |  15188 |  22175 |  65 |  980.3 |
       Dungeon |  18025 |  15761 |   2264 |   4173 |   7679 |  15 | 1201.7 |
        Temple |    248 |    219 |     29 |      0 |    197 |   1 |  248.0 |
          Lair |   5927 |   5304 |    623 |    797 |   3032 |   5 | 1185.4 |
        Shoals |   5019 |   4803 |    216 |    955 |   2081 |   4 | 1254.8 |
   Spider Nest |   5541 |   5191 |    350 |   1530 |   2022 |   4 | 1385.2 |
  Orcish Mines |   2031 |   1654 |    377 |    230 |    822 |   2 | 1015.5 |
   Elven Halls |   5412 |   4826 |    586 |   1608 |   1326 |   3 | 1804.0 |
        Vaults |   9187 |   8472 |    715 |   2320 |   3193 |   5 | 1837.4 |
        Depths |   4974 |   4626 |    348 |   1165 |   1267 |   4 | 1243.5 |
          Hell |     28 |     28 |      0 |      0 |      0 |   1 |   28.0 |
           Zot |   4612 |   4260 |    352 |   1693 |    274 |   5 |  922.4 |
         Abyss |    466 |    466 |      0 |    103 |      0 |   1 |  466.0 |
      Ziggurat |   1049 |   1049 |      0 |    362 |      0 |  13 |   80.7 |
      Ice Cave |    811 |    811 |      0 |    228 |    249 |   1 |  811.0 |
      Gauntlet |    383 |    383 |      0 |     24 |     33 |   1 |  383.0 |
               +--------+--------+--------+--------+--------+-----+--------+

Top non-repeatable levels by time:
     D:9: 2816 daAuts
Vaults:1: 2613 daAuts
   Elf:3: 2152 daAuts
Vaults:5: 1846 daAuts
   Elf:1: 1842 daAuts
Vaults:2: 1833 daAuts
Spider:4: 1661 daAuts
Vaults:3: 1636 daAuts
    D:13: 1626 daAuts
     D:5: 1595 daAuts
Spider:2: 1577 daAuts
     D:7: 1533 daAuts
Shoals:1: 1522 daAuts
  Lair:3: 1467 daAuts
     D:8: 1456 daAuts
